Map: Deathaura LE

Players

Serral - Winner!

  • Race: Zerg Zerg
  • Spawn Location: 5:00

INnoVation

  • Race: Terran Terran
  • Spawn Location: 11:00

Event: StayAtHomestory Cup #2

VOD

Have the link to the VOD?

Description

Time

  • Played on: June 13, 2020, 8:05 a.m.
  • Length: 10:09

All games in this series

Show
View Real Time Build Order
Export as new Build Order

Serral Zerg - Winner!

Build Orders: Hatch First, Muta Ling Bane 

Get SALT Encoding   

  12  0:01  Drone  
  13  0:13  Overlord  
  13  0:17  Drone  
  14  0:34  Drone  
  14  0:35  Drone  
  16  0:48  Hatchery  
  15  0:52  Drone  
  15  0:55  Drone  
  17  0:58  Drone  
  18  1:10  Extractor  
  17  1:14  Spawning Pool  
  17  1:18  Drone  
  17  1:21  Drone  
  18  1:30  Drone  
  19  1:40  Drone  
  20  1:51  Overlord  
  20  2:00  Queen x2  
  24  2:01  Zergling x2  
  24  2:02  Zergling x2  
  26  2:10  Drone  
  26  2:13  Drone  
  26  2:14  Metabolic Boost  
  28  2:21  Drone  
  30  2:22  Drone  
  30  2:37  Spore Crawler  
  30  2:38  Drone x2  
  30  2:39  Queen  
  30  2:40  Queen  
  36  2:44  Overlord  
  36  2:49  Overlord  
  36  3:02  Drone x2  
  36  3:04  Drone  
  39  3:06  Drone  
  39  3:09  Drone  
  39  3:11  Drone x2  
  39  3:12  Drone x3  
  46  3:18  Lair  
  46  3:20  Drone  
  46  3:22  Drone  
  48  3:35  Extractor  
  48  3:36  Hatchery  
  48  3:37  Drone  
  48  3:38  Extractor  
  48  3:39  Drone  
  47  3:41  Drone  
  47  3:42  Drone  
  49  3:48  Overlord  
  49  3:49  Baneling Nest  
  49  3:51  Drone  
  49  3:52  Drone  
  49  3:53  Drone  
  49  3:55  Drone  
  52  4:04  Overlord  
  52  4:05  Extractor  
  52  4:06  Drone  
  52  4:07  Drone x2  
  54  4:15  Evolution Chamber, Drone  
  54  4:17  Spire  
  54  4:18  Drone  
  54  4:21  Drone  
  54  4:22  Overseer  
  55  4:25  Zergling x4  
  55  4:29  Zergling x4  
  55  4:30  Zergling x2  
  60  4:33  Overlord  
  60  4:36  Drone  
  60  4:38  Drone  
  62  4:42  Drone  
  63  4:48  Drone  
  63  4:49  Drone  
  65  4:55  Drone x2  
  65  4:56  Drone x4  
  65  4:59  Drone  
  72  5:02  Queen, Overlord  
  72  5:06  Overlord  
  74  5:29  Mutalisk x7  
  74  5:32  Drone x5  
  93  5:37  Mutalisk  
  94  5:44  Extractor x2, Overseer  
  94  5:45  Drone x3  
  95  5:50  Evolution Chamber, Centrifical Hooks  
  95  5:52  Drone  
  95  5:54  Drone x2  
  95  5:55  Drone  
  98  5:59  Overlord x2  
  98  6:00  Overlord  
  98  6:04  Overlord  
  98  6:07  Overlord  
  98  6:11  Overlord  
  98  6:16  Overlord, Hatchery  
  98  6:17  Zerg Ground Armor Level 1, Zerg Melee Weapons Level 1  
  97  6:22  Zergling x2  
  97  6:23  Zergling x6  
  101  6:28  Zergling x8  
  105  6:35  Zerg Flyer Weapons Level 1  
  105  6:36  Drone  
  107  6:40  Zergling x12  
  107  6:44  Baneling x13  
  112  6:47  Zergling x2  
  112  6:48  Zergling x4  
  114  6:56  Zergling x2  
  114  6:57  Zergling x6  
  114  7:00  Overseer  
  118  7:10  Baneling x3  
  118  7:11  Baneling x5  
  118  7:12  Baneling x2  
  118  7:13  Zergling x18  
  127  7:23  Mutalisk x2  
  127  7:24  Mutalisk  
  133  7:30  Mutalisk x2  
  133  7:31  Queen  
  133  7:32  Drone x4  
  133  7:35  Baneling  
  133  7:36  Baneling x5  
  143  7:40  Zergling x2  
  143  7:41  Zergling x12  
  150  7:44  Zergling x2  
  150  7:45  Pneumatized Carapace  
  151  7:52  Overlord x3  
  151  7:57  Baneling x6  
  151  8:01  Baneling x6  
  139  8:09  Zergling x28  
  131  8:16  Baneling x4  
  131  8:17  Overseer  
  131  8:20  Drone  
  131  8:21  Drone x3  
  135  8:29  Zergling x2  
  135  8:30  Zergling x10  
  135  8:32  Baneling x10  
  141  8:39  Zergling x6  
  143  8:47  Zergling x20  
  147  8:50  Baneling x7  
  139  8:58  Zergling x8  
  139  9:01  Baneling x7  
  139  9:06  Zergling x10  
  144  9:11  Baneling x6  
  144  9:13  Zergling x10  
  144  9:14  Hatchery  
  148  9:19  Overlord  
  148  9:31  Zergling x26  
  145  9:37  Drone x2  
  156  9:38  Overseer  
  156  9:39  Drone  
  156  9:44  Baneling x5  
  156  9:45  Mutalisk  
Show
View Real Time Build Order
Export as new Build Order

INnoVation Terran 

Build Orders: Reaper Expand 

Get SALT Encoding   

  12  0:00  SCV  
  13  0:12  SCV  
  14  0:17  Supply Depot  
  14  0:24  SCV  
  15  0:38  SCV  
  15  0:39  Barracks  
  15  0:42  Refinery  
  16  0:50  SCV  
  17  1:03  SCV  
  18  1:15  SCV  
  19  1:26  Reaper  
  19  1:27  Orbital Command  
  20  1:38  Command Center  
  20  1:50  Supply Depot  
  20  1:53  SCV  
  21  1:58  Marine  
  22  2:05  SCV  
  23  2:14  Factory  
  23  2:16  Marine  
  23  2:17  SCV  
  25  2:29  SCV  
  26  2:38  Barracks Reactor  
  26  2:41  SCV  
  27  2:45  Command Center  
  27  2:51  Orbital Command  
  27  2:54  SCV  
  28  3:06  SCV  
  29  3:17  SCV  
  29  3:18  SCV, Hellion  
  29  3:19  Hellion  
  35  3:20  Barracks Tech Lab  
  35  3:25  Supply Depot  
  35  3:31  SCV x2  
  36  3:34  Refinery  
  36  3:39  Hellion, Marine, Stimpack  
  36  3:40  Hellion  
  41  3:43  SCV  
  41  3:44  SCV  
  43  3:49  Engineering Bay  
  43  3:50  Engineering Bay  
  43  3:55  SCV  
  43  3:56  SCV  
  43  4:00  Orbital Command  
  45  4:08  SCV x2  
  47  4:11  Factory Reactor, Barracks  
  47  4:12  Barracks  
  47  4:17  Terran Infantry Weapons Level 1  
  47  4:21  SCV, Terran Infantry Armor Level 1  
  47  4:22  SCV  
  49  4:26  Marine  
  50  4:33  SCV  
  50  4:34  SCV  
  52  4:39  Refinery, Supply Depot  
  52  4:42  Refinery  
  52  4:44  Marine, Orbital Command  
  52  4:45  SCV  
  54  4:47  SCV  
  55  4:53  Factory Reactor  
  55  4:56  Starport  
  55  4:57  SCV  
  55  4:59  SCV  
  57  5:00  Marine x2  
  57  5:02  Marine, Supply Depot  
  57  5:05  Marine x2  
  62  5:09  SCV  
  62  5:10  SCV  
  62  5:11  SCV  
  62  5:12  Supply Depot  
  65  5:18  Combat Shield  
  65  5:19  Barracks  
  65  5:20  Barracks  
  65  5:21  SCV  
  65  5:22  SCV, Marine x2  
  65  5:23  SCV, Marine x3  
  73  5:30  Missile Turret  
  73  5:33  Supply Depot  
  73  5:37  Missile Turret  
  73  5:39  SCV x3  
  73  5:42  Missile Turret  
  76  5:43  Factory Reactor  
  76  5:48  Marine  
  76  5:49  Marine  
  82  5:54  Armory, Marine  
  83  5:57  Marine, Supply Depot  
  83  6:03  SCV x3  
  87  6:06  Medivac  
  87  6:07  Supply Depot  
  87  6:08  Barracks Reactor x2, Medivac  
  87  6:12  Marine  
  87  6:13  Marine x3  
  87  6:15  Marine, Supply Depot  
  87  6:17  SCV x3  
  95  6:23  Widow Mine x2  
  95  6:25  Supply Depot  
  96  6:30  Marine x2  
  96  6:31  Marine x2  
  100  6:33  Marine  
  100  6:34  SCV x3  
  100  6:37  Medivac  
  100  6:38  Medivac  
  108  6:50  Terran Infantry Armor Level 2, Marine x4, Terran Infantry Weapons Level 2  
  108  6:51  Marine x3  
  108  6:53  Widow Mine  
  114  7:01  Marine x2  
  117  7:06  SCV  
  117  7:07  SCV x2  
  117  7:08  Marine x5  
  123  7:19  Factory Reactor  
  123  7:22  Factory  
  127  7:23  Refinery  
  127  7:24  Refinery  
  127  7:25  Medivac x2  
  127  7:26  Marine x6  
  133  7:30  Supply Depot  
  133  7:36  SCV x3  
  136  7:40  Marine x3  
  136  7:43  Marine  
  136  7:44  Marine x3  
  140  7:48  SCV x3, Supply Depot  
  146  7:53  Marine x2  
  146  7:54  Supply Depot  
  146  7:57  Marine  
  146  7:58  Marine x2  
  151  7:59  Medivac x2  
  151  8:01  Marine  
  131  8:11  Widow Mine x2  
  131  8:12  Factory Tech Lab  
  112  8:16  Marine  
  112  8:17  Marine x7  
  120  8:22  SCV x2  
  120  8:23  SCV  
  123  8:29  Medivac x2  
  123  8:32  Marine  
  123  8:34  Drilling Claws, Marine x3  
  128  8:35  Marauder  
  133  8:42  Thor  
  133  8:46  Widow Mine x2  
  116  8:59  Marine x9  
  121  9:03  SCV x2  
  121  9:04  SCV  
  121  9:07  Medivac  
  123  9:17  Marine x3  
  122  9:22  SCV  
  116  9:30  Missile Turret  
  115  9:32  Widow Mine x2  
  115  9:33  SCV  
  115  9:34  SCV x2  
  123  9:48  Marine x5  
Tags
 
Add a new tag
Caveats
  • Supply blocks, unpowered buildings, or Contaminate may cause inaccurate times.
  • Supply counts are checked every 10 seconds.